 Dungeon Sprint DCSS version 0.26-a0-1013-gf6ffb0d6bd (webtiles) character file.

Game seed: 3638663451540004118

725 sahdkjhfkaj the Destroyer (level 7, -13/50 HPs)
             Began as a Yellow Draconian Fire Elementalist on Dec 7, 2020.
             Was an Elder of Makhleb.
             Mangled by a merfolk
             ... wielding the +8 mithril axe "Arga" {speed, WL+}
              (16 damage)
             ... in the Dungeon (Sprint V: "Ziggurat Sprint").
             The game lasted 00:01:36 (290 turns).

sahdkjhfkaj the Destroyer (DrFE)                     Turns: 290, Time: 00:01:36

Health: -13/50     AC:  7    Str: 11    XL:     7   Next: 43%
Magic:  17/17      EV: 12    Int: 29    God:    Makhleb [****..]
Gold:   0          SH:  0    Dex: 11    Spells: 13/19 levels left

rFire    + . .     SeeInvis .   a - +7 Screaming Sword {vorpal, sonic wave}
rCold    . . .     Faith    .   (no shield)
rNeg     . . .     Spirit   .   (armour unavailable)
rPois    .         Reflect  .   (helmet restricted)
rElec    .         Harm     .   (no cloak)
rCorr    +         Rampage  .   (no gloves)
Will     +....     NoTele   +   C - +0 pair of boots "Ogydy" {rF+ WL+ Slay+3 Stlth+}
Stlth    +++.......             (no amulet)
HPRegen  0.16/turn              u - +6 ring of intelligence
MPRegen  0.15/turn              v - +6 ring of intelligence

@: no status effects
A: spit acid, unfitting armour, cold-blooded, acid resistance, AC +6
a: Breathe Acid, Minor Destruction, Lesser Servant of Makhleb, Major
Destruction, Renounce Religion


You were in the Dungeon.
You worshipped Makhleb.
Makhleb was greatly pleased with you.
You visited 1 branch

Inventory:

Hand Weapons
 a - the +7 Screaming Sword (weapon) {vorpal, sonic wave}
   (You found it in the Dungeon)

   It inflicts extra damage upon your enemies.
Armour
 C - the +0 pair of boots "Ogydy" (worn) {rF+ WL+ Slay+3 Stlth+}
   (You found it in the Dungeon)

   It affects your accuracy and damage with ranged weapons and melee attacks
   (+3).
   It protects you from fire.
   It affects your willpower, your defense against some magical effects.
   It makes you more stealthy.
Jewellery
 r - an uncursed ring of flight
 s - a +6 ring of dexterity
 t - a +6 ring of dexterity
 u - a +6 ring of intelligence (left hand)
 v - a +6 ring of intelligence (right hand)
 x - a +6 ring of strength
Wands
 y - a wand of disintegration (7)
 z - a wand of iceblast (7)
 A - a wand of acid (7)
Scrolls
 g - 4 scrolls of blinking
 l - 4 scrolls of amnesia
 m - 7 scrolls of fog
 n - a scroll of holy word
 o - 5 scrolls of identify
 p - 5 scrolls of remove curse
 q - 2 scrolls of fear
Potions
 b - 10 potions of curing
 c - 8 potions of heal wounds
 d - 5 potions of haste
 e - 6 potions of magic
 f - 3 potions of berserk rage
 h - a potion of invisibility
 i - 3 potions of resistance
 j - a potion of experience
 k - 4 potions of might
 B - 3 potions of brilliance
Miscellaneous
 w - a lightning rod (4/4)
 D - a tin of tremorstones (2/2)


   Skills:
 - Level 1.7 Dodging
 - Level 1.7 Stealth
 + Level 6.9 Spellcasting
 * Level 10.6 Conjurations
 * Level 10.6 Fire Magic


You had 13 spell levels left.
You knew the following spells:

 Your Spells              Type           Power        Failure   Level
a - Foxfire               Conj/Fire      ####         1%          1
f - Fireball              Conj/Fire      ######....   1%          5

Your spell library contained the following spells:

 Spells                   Type           Power        Failure   Level
 Conjure Flame            Conj/Fire      ######..     1%          3
 Inner Flame              Hex/Fire       #####...     1%          3
 Stone Arrow              Conj/Erth      #####.       1%          3
 Sticky Flame             Conj/Fire      ######..     1%          4
 Mephitic Cloud           Conj/Pois/Air  ####....     3%          3
 Passwall                 Tmut/Erth      ##......     8%          2
 Poisonous Vapours        Pois/Air       ##....       8%          2
 Gell's Gravitas          Tloc           ##........   16%         3
 Portal Projectile        Hex/Tloc       ##....       16%         3
 Cause Fear               Hex            ##........   45%         4
 Leda's Liquefaction      Hex/Erth       ##........   45%         4
 Silence                  Hex/Air        ##........   82%         5
 Yara's Violent Unravell  Hex/Tmut       ##........   82%         5
 Freezing Cloud           Conj/Ice/Air   ####......   88%         6
 Dispersal                Tloc           ##........   100%        6
 Discord                  Hex            ##........   100%        8
 Disjunction              Tloc           ##........   100%        8


Dungeon Overview and Level Annotations

Branches:
Dungeon (1/1)

Altars:
Ashenzari
Cheibriados
Dithmenos
Elyvilon
Fedhas
Gozag
Hepliaklqana
Kikubaaqudgha
Makhleb
Nemelex Xobeh
Okawaru
Qazlal
Ru
Sif Muna
Trog
Uskayaw
Vehumet
Wu Jian
Xom
Yredelemnul
Zin
The Shining One
Beogh
Jiyva
Lugonu

Annotations:
D 1 transporter


Innate Abilities, Weirdness & Mutations

You can spit globs of acid.
Your golden yellow scales are hard. (AC +6)
You cannot fit into any form of body armour.
You are cold-blooded and may be slowed by cold attacks.
You are resistant to acid. (rCorr)


Message History

You don't have enough magic to cast that spell.
Magic courses through your body.
The merfolk hits you from afar with a +0 trident!
The merfolk closely misses you.
The merfolk hits you with the +8 mithril axe "Arga" {speed, WL+}!!
Ouch! That really hurt!
* * * LOW HITPOINT WARNING * * *
You feel much better.
The merfolk hits you from afar with a +0 trident!!
The merfolk hits you from afar with a +0 trident.
The merfolk hits you with the +8 mithril axe "Arga" {speed, WL+}.
* * * LOW HITPOINT WARNING * * *
You feel much better.
The merfolk hits you from afar with a +0 trident!!
Ouch! That really hurt!
* * * LOW HITPOINT WARNING * * *
The merfolk hits you from afar with a +0 trident.
* * * LOW HITPOINT WARNING * * *
The merfolk hits you with the +8 mithril axe "Arga" {speed, WL+}!
You die...

▓..©..▓..©..▓▓▓▓▓▓▓
▓▓▓▓▓▓▓▓▓▓▓▓▓▓▓▓▓▓▓
▓..8©8...▓..8©8...▓
▓..|.|...▓..)::...▓
▓..).)...▓..=.)...▓
▓..[)....▓........▓
▓........▓..mm....▓
▓.▓....▓.▓.▓....▓.▓
▓...©....▓..m@m...▓
▓▓▓▓▓▓▓▓▓▓▓▓▓▓▓▓▓▓▓


You could see 4 merfolk.

Vanquished Creatures
  A merfolk (D)
  Sigmund (D)
  A yak (D)
  Blork the orc (D)
  Crazy Yiuf (D)
  Jessica (D)
  2 orc wizards (D)
  A mummy (D)
  2 adder zombies (D)
  3 jackals (D)
14 creatures vanquished.

Notes
Turn   | Place    | Note
-------+----------+-------------------------------------------
     0 | D        | sahdkjhfkaj the Draconian Fire Elementalist began the quest
                  | for the Orb.
     0 | D        | Reached XP level 1. HP: 14/14 MP: 3/3
     0 | D        | Found a shimmering blue altar of Sif Muna.
     0 | D        | Found a sacrificial altar of Ru.
     0 | D        | Found a bloodstained altar of Trog.
     0 | D        | Found a stormy altar of Qazlal.
     0 | D        | Found an iron altar of Okawaru.
     0 | D        | Found a sparkling altar of Nemelex Xobeh.
     0 | D        | Found a blossoming altar of Fedhas.
     1 | D        | Found the +6 Majin-Bo {vamp, MP+6 Int+6}
     1 | D        | Found the +9 heavy crossbow "Sniper" {vorpal, Acc+∞ SInv}
     1 | D        | Found the +10 dark maul {vorpal}
     1 | D        | Found the +15 Maxwell's patent armour {-Cast -Tele rElec
                  | WL+ rCorr}
     1 | D        | Found the +18 shield of the Gong {rElec rN+ WL+ EV-5}
     1 | D        | Found the cursed +14 obsidian axe {vorpal, +Fly SInv
                  | *Curse}
     1 | D        | Found the +7 great mace "Firestarter" {inner flame, rF++}
     1 | D        | Found the +6 shillelagh "Devastator" {shatter}
     1 | D        | Found the +11 plutonium sword {*Contam Stlth-}
     1 | D        | Found the +8 lance "Wyrmbane" {slay drac, rPois rF+ rC+
                  | AC+3}
     1 | D        | Found the +9 sword of Zonguldrok {reap}
     1 | D        | Found the cursed +13 scythe of Curses {drain, *Curse}
     1 | D        | Found the +0 sword of Power
     1 | D        | Found the +7 mace of Variability {chain chaos}
     1 | D        | Found the +7 Singing Sword {vorpal, sonic wave}
     1 | D        | Found the +8 storm bow {elec, penet}
     2 | D        | Found a transporter.
     2 | D        | Found an ancient bone altar of Kikubaaqudgha.
     2 | D        | Found a viscous altar of Jiyva.
     2 | D        | Found a corrupted altar of Lugonu.
     2 | D        | Found a hazy altar of Hepliaklqana.
     2 | D        | Found a burning altar of Makhleb.
     2 | D        | Found an opulent altar of Gozag.
    57 | D        | Became a worshipper of Makhleb the Destroyer
    68 | D        | Entered arena 2.
    68 | D        | Noticed an orc wizard
    68 | D        | Noticed an orc wizard
    68 | D        | Found a transporter.
    71 | D        | Killed an orc wizard
    72 | D        | Reached XP level 2. HP: 20/20 MP: 3/5
    73 | D        | Reached skill level 5 in Conjurations
    73 | D        | Reached skill level 5 in Fire Magic
    73 | D        | Reached XP level 3. HP: 26/26 MP: 3/7
    76 | D        | Entered arena 3.
    76 | D        | Found a transporter.
    81 | D        | Reached * piety under Makhleb
    83 | D        | Reached XP level 4. HP: 33/33 MP: 3/9
    86 | D        | Got the Handbook of Aerial Clay
    89 | D        | Got the +0 pair of boots "Ogydy" {rF+ WL+ Slay+3 Stlth+}
    95 | D        | Entered arena 4.
    95 | D        | Noticed a yak
    95 | D        | Found a transporter.
   100 | D        | Reached ** piety under Makhleb
   100 | D        | Killed a yak
   101 | D        | Reached skill level 5 in Spellcasting
   101 | D        | Reached XP level 5. HP: 38/38 MP: 5/12
   105 | D        | Entered arena 5.
   105 | D        | Noticed Sigmund
   105 | D        | Noticed Jessica
   105 | D        | Noticed Blork the orc
   105 | D        | Noticed Crazy Yiuf
   105 | D        | Found a transporter.
   110 | D        | Killed Jessica
   110 | D        | Reached *** piety under Makhleb
   110 | D        | Killed Crazy Yiuf
   111 | D        | Reached XP level 6. HP: 26/45 MP: 7/14
   112 | D        | Killed Sigmund
   115 | D        | Killed Blork the orc
   116 | D        | Your scales start taking on a golden yellow colour.
   116 | D        | Reached XP level 7. HP: 23/50 MP: 7/16
   116 | D        | Gained mutation: You are resistant to acid. (rCorr) [Yellow
                  | Draconian growth]
   177 | D        | Learned a level 5 spell: Fireball
   284 | D        | Entered arena 6.
   284 | D        | Noticed a merfolk
   284 | D        | Noticed a merfolk
   284 | D        | Noticed a merfolk
   284 | D        | Noticed a merfolk
   284 | D        | Noticed a merfolk
   284 | D        | Found a transporter.
   287 | D        | Killed a merfolk
   287 | D        | Reached **** piety under Makhleb
   288 | D        | Reached skill level 10 in Conjurations
   288 | D        | Reached skill level 10 in Fire Magic
   290 | D        | Mangled by a merfolk

Illustrated notes

Levels and vault maps discovered:
D:        sprint_v [room_start, room_1, room_2, room_3, room_4, room_5, room_6,
          room_7, room_8, room_9, room_10, room_11, room_12, room_13, room_14,
          room_15, room_16, room_17, room_18, room_19, room_20, room_21,
          room_22, room_23, room_24, room_25, room_26, room_27]

Skill      XL: |  1  2  3  4  5  6  7 |
---------------+----------------------+-----
Conjurations   | 4 5 7 8 9 10 | 10.6
Fire Magic     | 4 5 7 8 9 10 | 10.6
Spellcasting   | 3 5 6 |  6.9
Dodging        | |  1.7
Stealth        | |  1.7

Action                   |  1- 3 |  4- 6 |  7- 9 || total
-------------------------+-------+-------+-------++-------
Melee: Double sword      |     5 |    10 |       ||    15
       Tailslap          |     1 |       |       ||     1
 Cast: Fireball          |       |       |     3 ||     3
  Use: Potion            |     4 |       |     3 ||     7
 Stab: Sleeping          |     1 |       |       ||     1
Armor: Skin              |     1 |       |       ||     1
Dodge: Dodged            |     5 |    10 |     3 ||    18
       Rpst.: Double sword |     1 |     3 |       ||     4

Table legend: (Time is in decaauts)
 A = Elapsed time spent in this place.
 B = Non-inter-level travel time spent in this place.
 C = Inter-level travel time spent in this place.
 D = Time resting spent in this place.
 E = Time spent auto-exploring this place.
 F = Levels seen in this place.
 G = Mean time per level.
                   A        B        C        D        E       F      G
               +--------+--------+--------+--------+--------+-----+--------+
         Total |    274 |    274 |      0 |    153 |     21 |   1 |  274.0 |
       Dungeon |    274 |    274 |      0 |    153 |     21 |   1 |  274.0 |
               +--------+--------+--------+--------+--------+-----+--------+

Top non-repeatable levels by time:
       D: 274 daAuts
